 Dungeon Crawl Stone Soup version 0.28-a0-1638-g9123634e07 (webtiles) character file.

Game seed: 4959256788827913663

21 a3don the Magician (level 3, -3/29 HPs)
             Began as a Djinni Hedge Wizard on Jan 26, 2022.
             Slain by a black bear (5 damage)
             ... on level 2 of the Dungeon.
             The game lasted 00:01:26 (1330 turns).

a3don the Magician (Djinni Hedge Wizard)            Turns: 1330, Time: 00:01:27

Health: -3/29      AC:  2    Str:  9    XL:     3   Next: 2%
Gold:   71         EV: 12    Int: 17    God:
                   SH:  0    Dex: 12

rFire   + + .      SeeInvis .   a - +0 dagger
rCold   x . .      Faith    .   (no shield)
rNeg    . . .      Spirit   .   b - +0 robe
rPois   ∞          Reflect  .   c - +0 hat
rElec   .          Harm     .   (no cloak)
rCorr   .          Rampage  .   (no gloves)
Will    .....                   (boots unavailable)
Stlth   ++........              (no amulet)
HPRegen 0.09/turn               (no ring)
MPRegen 0.00/turn               (no ring)

@: flying
A: sickness immunity, fire resistance 2, cold vulnerability 1, float, innate
caster, hp casting, extra vitality 1
a: no special abilities


You were on level 2 of the Dungeon.
You visited 1 branch of the dungeon, and saw 2 of its levels.

You collected 71 gold pieces.

Inventory:

Hand Weapons
 a - a +0 dagger (weapon)
Armour
 b - a +0 robe (worn)
 c - a +0 hat (worn)
Scrolls
 d - a scroll of immolation {unknown}
 f - a scroll of fog {unknown}
Potions
 e - a potion of curing {unknown}
 g - a potion of mutation {unknown}
 h - a potion of flight {unknown}


   Skills:
 + Level 2.3 Fighting
 - Level 2.1 Dodging
 - Level 1.5 Stealth
 - Level 2.4 Spellcasting


You couldn't memorise any spells.
You knew the following spells:

 Your Spells              Type           Power      Damage    Failure   Level
a - Magic Dart            Conj           40%        1d5       7%          1
b - Shock                 Conj/Air       40%        1d5       7%          1
c - Call Imp              Summ           10%        N/A       11%         2
d - Slow                  Hex            40%        N/A       7%          1
e - Conjure Flame         Conj/Fire      10%        6-21      21%         3
f - Mephitic Cloud        Conj/Pois/Air  10%        N/A       21%         3
g - Blink                 Tloc           20%        N/A       11%         2
Your spell library was empty.

Dungeon Overview and Level Annotations

Branches:
Dungeon (2/15)

Altars:


Innate Abilities, Weirdness & Mutations

You are immune to sickness and miasma.
You are immune to poison.
Your flesh is very heat resistant. (rF++)
You are vulnerable to cold. (rC-)
You float through the air rather than walking.
You learn spells naturally, not from books.
Your magical power is your life essence.
You have superior vitality. (+4 MHP)


Message History

The black bear barely misses you.
You swap places.
Your white imp barely misses the black bear.
The black bear bites you but does no damage.
The black bear claws you. The black bear barely misses you.
Your white imp barely misses the black bear.
The black bear bites your white imp!
The black bear claws your white imp but does no damage.
The black bear closely misses your white imp.
Your white imp hits the black bear.
Your white imp freezes the black bear.
The black bear bites your white imp.
Your white imp dies!
Your white imp disappears in a puff of smoke!
Your magical contamination has completely faded away.
Casting: Call Imp (safe; 11% risk of failure)
Confirm with . or Enter, or press ? or * to list all spells.
A beastly little devil appears in a puff of flame.
Casting: Call Imp (safe; 11% risk of failure)
Confirm with . or Enter, or press ? or * to list all spells.
Aiming: Magic Dart (safe; 7% risk of failure)
Press: ? - help, Shift-Dir - straight line, f/p - black bear
Aim: a black bear (heavily wounded, ally target, 100% to hit)
The magic dart hits the black bear.
The black bear is severely wounded.
* * * LOW HITPOINT WARNING * * *
Your crimson imp hits the black bear.
Casting: Magic Dart (safe; 7% risk of failure)
Confirm with . or Enter, or press ? or * to list all spells.
Aiming: Magic Dart (safe; 7% risk of failure)
Press: ? - help, Shift-Dir - straight line, f/p - black bear
Aim: a black bear (almost dead, ally target, 100% to hit)
The magic dart hits the black bear but does no damage.
The black bear is almost dead.
* * * LOW HITPOINT WARNING * * *
The black bear bites you.
* * * LOW HITPOINT WARNING * * *
The black bear claws you.
* * * LOW HITPOINT WARNING * * *
The black bear claws you.
You die...

......## ..#
......$.#####..#
#.##...>........
................
#.........#
#.........#
#....<....#
#.#....h....#
#.....5@....#
#.$.######.##
#.. ... #. ##...
# ##.


You could see a black bear (ally target) and a friendly crimson imp (summoned).

Vanquished Creatures
  A bat (D:1)
  2 endoplasms (D:1)
  2 giant cockroaches (D:1)
  3 goblins (D:1)
  3 hobgoblins (D:1)
  3 ball pythons (D:1)
  2 frilled lizards (D:1)
  A kobold (D:1)
  3 rats (D:1)
20 creatures vanquished.

Notes
Turn   | Place    | Note
-------+----------+-------------------------------------------
     0 | D:1      | a3don the Djinni Hedge Wizard began the quest for the Orb.
     0 | D:1      | Reached XP level 1. HP: 15/15 MP: 0/0
   109 | D:1      | Reached skill level 1 in Fighting
   369 | D:1      | Reached XP level 2. HP: 19/22 MP: 0/0
  1192 | D:1      | Reached XP level 3. HP: 26/29 MP: 0/0
  1192 | D:1      | Learned a level 1 spell: Shock
  1317 | D:2      | Noticed a black bear
  1330 | D:2      | Slain by a black bear

Illustrated notes

Levels and vault maps discovered:
D:1:      minmay_arrival_jagged, layout_basic, minmay_misc_feat_nine_boxes
D:2:      layout_rooms, basic_altar, serial_shops, shop_fountains,
          due_unseen_surprise

Skill      XL: |  1  2 |
---------------+-------+-----
Fighting       | 1 2 |  2.3
Dodging        | |  2.1
Stealth        | |  1.5
Spellcasting   | |  2.4

Action                   || total
-------------------------++-------
 Cast: Magic Dart        ||    46
       Shock             ||     3
       Call Imp          ||     2
Armor: Robe              ||     2
Dodge: Dodged            ||     8

Table legend: (Time is in decaauts)
 A = Elapsed time spent in this place.
 B = Non-inter-level travel time spent in this place.
 C = Inter-level travel time spent in this place.
 D = Time resting spent in this place.
 E = Time spent auto-exploring this place.
 F = Levels seen in this place.
 G = Mean time per level.
                   A        B        C        D        E       F      G
               +--------+--------+--------+--------+--------+-----+--------+
         Total |   1329 |   1288 |     41 |    116 |   1078 |   2 |  664.5 |
       Dungeon |   1329 |   1288 |     41 |    116 |   1078 |   2 |  664.5 |
               +--------+--------+--------+--------+--------+-----+--------+

Top non-repeatable levels by time:
     D:1: 1317 daAuts
     D:2: 12 daAuts
